 Dungeon Crawl Stone Soup version 0.16.2-12-gd0ad4c3 (webtiles) character file.

531 kroki the Ruffian (level 7, -5/68 HPs)
             Began as a Troll Fighter on Feb 12, 2016.
             Slain by an iguana (9 damage)
             ... on level 4 of the Dungeon.
             The game lasted 00:03:13 (3131 turns).

kroki the Ruffian (Troll Fighter)                   Turns: 3131, Time: 00:03:14

Health: -5/68      AC:  5    Str: 25    XL:     7   Next: 3%
Magic:  3/3        EV: 12    Int:  4    God:
Gold:   236        SH: 10    Dex: 16    Spells: 0 memorised, 6 levels left

rFire  + . .     SeeInvis .       - Unarmed
rCold  . . .     Clarity  .     b - +0 robe
rNeg   . . .     SustAb   .     c - +0 shield
rPois  .         Gourm    +     (helmet restricted)
rElec  .         Spirit   .     (no cloak)
rCorr  .         Warding  .     (gloves unavailable)
rMut   .         Stasis   .     (boots unavailable)
MR     .....                    (no amulet)
Stlth  ++........               h - ring of fire {rF+, rC-}
                                l - ring of protection from cold {rC+, !d}

@: agile, not resistant to hostile enchantments, unstealthy
A: unfitting armour, claws 3, fast metabolism 3, gourmand, regeneration 2,
shaggy fur 1, tough skin 2
a: no special abilities


You were on level 4 of the Dungeon.
You were not hungry.

You visited 1 branch of the dungeon, and saw 4 of its levels.

You collected 236 gold pieces.

Inventory:

Hand weapons
 d - a +0 dagger
   (You took it off a kobold on level 2 of the Dungeon)
Missiles
 f - a throwing net {=f, !d}
Armour
 b - a +0 robe (worn)
 c - a +0 shield (worn)
Jewellery
 h - a ring of fire (right claw) {rF+, rC-}
   (You found it on level 3 of the Dungeon)
 l - a ring of protection from cold (left claw) {rC+, !d}
   (You found it on level 3 of the Dungeon)
Magical devices
 k - a wand of fireball (4)
   (You found it on level 4 of the Dungeon)
Scrolls
 e - 2 scrolls of identify
 i - a scroll of fear {unknown}
 p - 2 scrolls of remove curse
 u - a scroll of enchant weapon
Potions
 g - 2 potions of agility
 s - a potion of curing {unknown}
Comestibles
 a - 4 meat rations {@e2}
 j - 4 bread rations {@e1}
 n - a royal jelly


   Skills:
 + Level 3.6 Fighting
 - Level 2.4 Armour
 + Level 4.0 Shields
 * Level 5.6 Unarmed Combat


You had 6 spell levels left.
You didn't know any spells.

Dungeon Overview and Level Annotations

Branches:
Dungeon (4/15)
 Temple: D:4-7

Altars:
Nemelex Xobeh


Innate Abilities, Weirdness & Mutations

You are too large for most types of armour.
You have claws for hands.
Your metabolism is lightning-fast.
You like to eat raw meat.
You heal very quickly.
You are covered in fur (AC +1).
You have very tough skin (AC +2).


Message History

You block the orc wizard's attack.
You take 5 damage, and have 44/61 hp.
There are monsters nearby!
You are too injured to fight recklessly!
Unknown command.
There are monsters nearby!
You are too injured to fight recklessly!
You closely miss the orc wizard.
The orc wizard hits you but does no damage.
You barely miss the orc wizard. The iguana closely misses you.
The orc wizard gestures at you while chanting.
The magic dart hits you!
The orc wizard hits you but does no damage.
The iguana barely misses you.
You take 5 damage, and have 39/61 hp.
You scratch the orc wizard. You block the orc wizard's attack.
You block the iguana's attack.
You scratch the orc wizard but do no damage.
The orc wizard hits you with a dagger. You block the orc wizard's attack.
The orc wizard hits you but does no damage.
The iguana bites you!
You take 9 damage, and have 31/61 hp.
Your shield prevents you from hitting the orc wizard.
The orc wizard hits you but does no damage.
You block the orc wizard's attack.
The orc wizard hits you but does no damage.
You block the iguana's attack.
You claw the orc wizard!
You kill the orc wizard!
Your Shields skill increases to level 4!
The orc wizard points at you and mumbles some strange words.
The magic dart hits you! You block the orc wizard's attack.
The orc wizard hits you with a dagger. The iguana closely misses you.
You take 8 damage, and have 24/61 hp.
Drink which item? (? for menu, Esc to quit)
You feel agile all of a sudden. The orc wizard closely misses you.
The orc wizard mumbles some strange words.
The orc wizard seems to speed up.
You block the iguana's attack.
You scratch the orc wizard but do no damage.
The orc wizard gestures at you while chanting.
You resist with some effort. The orc wizard hits you with a dagger.
The orc wizard misses you. You block the iguana's attack.
You take 1 damage, and have 24/61 hp.
You claw the orc wizard!
The orc wizard begins to bleed from its wounds!
The orc wizard gestures wildly while chanting.
The orc wizard blinks!
The orc wizard hits you but does no damage.
The iguana bites you but does no damage.
The orc wizard hits you with a dagger.
You take 3 damage, and have 21/61 hp.
The iguana bites you but does no damage.
Unknown command.
You closely miss the iguana.
The orc wizard hits you but does no damage.
The iguana bites you!
* * * LOW HITPOINT WARNING * * *
The orc wizard casts a spell.
The orc wizard blinks!
You take 6 damage, and have 16/61 hp.
The orc wizard is no longer bleeding.
The orc wizard points at you and mumbles some strange words.
The magic dart hits you!
* * * LOW HITPOINT WARNING * * *
The orc wizard gestures wildly while chanting.
The orc wizard blinks!
The iguana bites you.
* * * LOW HITPOINT WARNING * * *
You take 10 damage, and have 6/61 hp.
You closely miss the orc wizard. The orc wizard casts a spell at you.
The magic dart hits you!
* * * LOW HITPOINT WARNING * * *
The orc wizard casts a spell.
The orc wizard blinks!
You block the orc wizard's attack. You block the iguana's attack.
You take 5 damage, and have 1/61 hp.
You claw the orc wizard!
You kill the orc wizard!
You have reached level 7!
You block the iguana's attack.
Drink which item? (? for menu, Esc to quit)
Okay, then.
Okay, then.
Read which item? (? for menu, Esc to quit)
Okay, then.
The iguana hisses menacingly.
Things that are here:
a dagger; a robe The orc wizard gestures wildly while chanting.
The orc wizard blinks!
The orc wizard gestures at you while chanting.
The magic dart hits you!
* * * LOW HITPOINT WARNING * * *
You take 2 damage, and have 3/68 hp.
You claw the iguana!
The iguana begins to bleed from its wounds!
The iguana bites you!
You die...

## #...# ##....#### ...##
#...###......... ......###
#.....)......... .........##
#............... ..%........##
#...............
.......(.....###...............
............(..#.......(......##
............)......##........##
..............l@..#####.....##
......./)...........## ##...##
.........).........>.## #####
.......)..............###
............o...........##
........................##
........o................##
..........................##
..........................##


You could see an iguana (bleeding) and an orc wizard.

Vanquished Creatures
  An ogre (D:4)
  Sigmund (D:2)
  Blork the orc (D:4)
  A giant frog skeleton (D:4)
  4 orc wizards
  A worker ant (D:4)
  Ijyb (D:4)
  6 adders
  3 worms
  6 orcs
  9 bats
  5 giant cockroaches
  9 goblins
  8 hobgoblins
  9 kobolds
  2 quokkas
  A ball python (D:2)
  4 giant geckos
  2 giant newts
  A jackal skeleton (D:4)
  7 rats
82 creatures vanquished.

Notes
Turn   | Place    | Note
--------------------------------------------------------------
     0 | D:1      | kroki, the Troll Fighter, began the quest for the Orb.
     0 | D:1      | Reached XP level 1. HP: 22/22 MP: 1/1
   140 | D:1      | Reached XP level 2. HP: 29/29 MP: 1/1
   647 | D:2      | Reached skill level 3 in Unarmed Combat
   647 | D:2      | Reached XP level 3. HP: 31/36 MP: 2/2
   948 | D:2      | Noticed Sigmund
   955 | D:2      | HP: 9/36 [something (9)]
   957 | D:2      | Killed Sigmund
   957 | D:2      | Reached skill level 3 in Fighting
   957 | D:2      | Reached skill level 3 in Shields
   957 | D:2      | Reached XP level 4. HP: 10/45 MP: 2/2
  1009 | D:2      | Reached XP level 5. HP: 45/53 MP: 2/2
  1046 | D:2      | Reached skill level 4 in Unarmed Combat
  1477 | D:3      | Found a sparkling altar of Nemelex Xobeh.
  2474 | D:4      | Noticed Ijyb
  2487 | D:4      | Killed Ijyb
  2487 | D:4      | Reached XP level 6. HP: 59/61 MP: 3/3
  2860 | D:4      | Noticed Blork the orc
  2871 | D:4      | Killed Blork the orc
  2871 | D:4      | Reached skill level 5 in Unarmed Combat
  3069 | D:4      | Noticed an ogre
  3078 | D:4      | Killed an ogre
  3114 | D:4      | Reached skill level 4 in Shields
  3120 | D:4      | HP: 10/61 [orc wizard/magic dart (6)]
  3121 | D:4      | HP: 1/61 [orc wizard/magic dart (6)]
  3122 | D:4      | Reached XP level 7. HP: 1/68 MP: 3/3
  3129 | D:4      | HP: 3/68 [orc wizard/magic dart (3)]
  3131 | D:4      | Slain by an iguana

Action                   |  1- 3 |  4- 6 |  7- 9 || total
-------------------------+-------+-------+-------++-------
Melee: Unarmed           |    93 |   165 |     1 ||   259
  Use: Scroll            |     4 |     2 |       ||     6
       Potion            |     1 |     1 |       ||     2
  Eat: Chunk             |     5 |    24 |       ||    29

Vault maps used:
D:1:      dpeg_arrival_tiny_a
D:2:      uniq_sigmund
D:3:      lemuel_crystal_altar, first_bread
D:4:      uniq_iyjb, uniq_blork_the_orc

Table legend:
 A = Turns spent in this place as a percentage of turns spent in the entire game.
 B = Non-inter-level travel turns spent in this place as a percentage of non-inter-level travel turns spent in the entire game.
 C = Inter-level travel turns spent in this place as a percentage of turns spent in this place.
 D = Turns resting spent in this place as a percentage of non-inter-level travel turns spent in this place.
 E = Turns spent auto-exploring this place as a percentage of non-inter-level travel turns spent in this place.
 F = Non-inter-level travel turns spent in this place divided by the number of levels of this place that you've seen.
                   A       B       C       D       E      F
               +-------+-------+-------+-------+-------+----------------------
         Total | 100.0 | 100.0 |   0.5 |   0.0 |  11.6 | 310.2
       Dungeon | 100.0 | 100.0 |   0.5 |   0.0 |  11.6 | 310.2
               +-------+-------+-------+-------+-------+----------------------

Table legend:
 A = Kills in this place as a percentage of kills in entire the game.
 B = Kills by you in this place as a percentage of kills by you in the entire game.
 C = Kills by friends in this place as a percentage of kills by friends in the entire game.
 D = Other kills in this place as a percentage of other kills in the entire game.
 E = Experience gained in this place as a percentage of experience gained in the entire game.
 F = Experience gained in this place divided by the number of levels of this place that you have seen.
                   A       B       C       D       E      F
               +-------+-------+-------+-------+-------+----------------------
         Total | 100.0 | 100.0 |  -nan |  -nan | 100.0 | 189.8
       Dungeon | 100.0 | 100.0 |  -nan |  -nan | 100.0 | 189.8
               +-------+-------+-------+-------+-------+----------------------
